 Dungeon Crawl Stone Soup version 0.27-a0-1502-g47ed6a6988 (webtiles) character file.

Game seed: 5557128135411614257

2392 garrulousMonolith the Slasher (level 9, 0/68 HPs)
             Began as a Demonspawn Gladiator on July 8, 2021.
             Was a Follower of Yredelemnul.
             Slain by an ogre (26 damage)
             ... on level 7 of the Dungeon.
             The game lasted 00:11:43 (8847 turns).

garrulousMonolith the Slasher (DsGl)                Turns: 8847, Time: 00:11:43

Health: 0/68       AC: 12    Str: 15    XL:     9   Next: 22%
Magic:  13/13      EV: 14    Int:  9    God:    Yredelemnul [*.....]
Gold:   325        SH:  5    Dex: 18    Spells: 8/8 levels left

rFire    + . .     SeeInvis .   b - +0 dagger (venom)
rCold    . . .     Faith    .   i - +0 buckler
rNeg     . . .     Spirit   .   p - +1 scale mail {rF+}
rPois    .         Reflect  .   c - +0 helmet
rElec    .         Harm     .   h - +1 cloak
rCorr    .         Rampage  .   (no gloves)
Will     .....                  j - +1 pair of boots
Stlth    +.........             (no amulet)
HPRegen  0.21/turn              f - ring of flight
MPRegen  0.26/turn              (no ring)

@: flying
A: hooves 1, repulsion field 2, magic regeneration
a: Renounce Religion, Animate Remains


You were on level 7 of the Dungeon.
You worshipped Yredelemnul.
Yredelemnul was aware of your devotion.
You visited 2 branches of the dungeon, and saw 8 of its levels.

You collected 325 gold pieces.

Inventory:

Hand Weapons
 a - a +0 long sword
 b - a +0 dagger of venom (weapon)
 x - a +0 trident
Missiles
 d - 3 throwing nets
 e - 14 boomerangs
 n - 59 poisoned darts (quivered)
 y - 86 stones
 C - 2 silver javelins
Armour
 c - a +0 helmet (worn)
 g - a scarf of resistance
 h - a +1 cloak (worn)
 i - a +0 buckler (worn)
 j - a +1 pair of boots (worn)
 m - a +0 ring mail
 p - a +1 scale mail of fire resistance (worn)
Jewellery
 f - a ring of flight (left hand)
 r - a +6 ring of dexterity
Wands
 s - a wand of charming (10)
 w - a wand of mindburst (12)
Scrolls
 l - 3 scrolls of teleportation
 o - a scroll of immolation
 q - a scroll of summoning
 u - a scroll of holy word {unknown}
 A - a scroll of torment {unknown}
 B - a scroll of identify {unknown}
Potions
 k - 3 potions of flight
 t - a potion of mutation {unknown}
 v - 2 potions of attraction {unknown}
 z - a potion of degeneration {unknown}


   Skills:
 + Level 5.3 Fighting
 - Level 7.0 Long Blades
 * Level 1.0 Polearms
 - Level 2.0 Throwing
 + Level 5.3 Dodging
 - Level 3.5 Stealth
 + Level 2.6 Shields
 * Level 6.4 Invocations


You had 8 spell levels left.
You didn't know any spells.
Your spell library contained the following spells:

 Spells                   Type           Power      Damage    Failure   Level
 Foxfire                  Conj/Fire      0%         2x1d4     90%         1
 Sandblast                Erth           0%         2d4       90%         1
 Passwall                 Tmut/Erth      0%         N/A       97%         2
 Slow                     Hex            0%         N/A       97%         2
 Confusing Touch          Hex            0%         N/A       99%         3
 Conjure Flame            Conj/Fire      0%         6-21      99%         3
 Ignite Poison            Fire/Tmut/Pois 0%         N/A       99%         3
 Inner Flame              Hex/Fire       0%         N/A       99%         3
 Vampiric Draining        Necr           0%         2d6       99%         3
 Sticky Flame             Conj/Fire      0%         2d3       100%        4
 Blade Hands              Tmut           0%         N/A       100%        5
 Irradiate                Conj/Tmut      0%         3d13      100%        5
 Lee's Rapid Deconstruct  Erth           0%         3d5*      100%        5
 Dragon Form              Tmut           0%         N/A       100%        7


Dungeon Overview and Level Annotations

Branches:
Dungeon (7/15)             Temple (1/1) D:4

Altars:
Ashenzari
Elyvilon
Gozag
Hepliaklqana
Makhleb
Okawaru
Ru
Sif Muna
Trog
Vehumet
Wu Jian
Xom
Yredelemnul
Zin
The Shining One

Shops:
D:1 *   D:5 (

Portals:
Bailey: D:7


Innate Abilities, Weirdness & Mutations

You have large cloven feet.
You are surrounded by a moderate repulsion field. (EV +3)
You regenerate magic rapidly.


Message History

You hit the ogre.
The ogre looks as sick as possible!
The ogre is almost dead.
You hit the ogre but do no damage.
The ogre looks as sick as possible!
The ogre is almost dead.
You block the ogre's attack.
You hit the ogre.
The ogre looks as sick as possible!
The ogre is almost dead.
You hit the ogre.
The ogre is almost dead.
You kill the ogre!
Yredelemnul accepts your kill.
Your Polearms skill increases to level 1!
Found a stone staircase leading down.
You see here a +0 giant club.
n - 60 poisoned darts (gained 1)
Found 2 silver javelins.
An ogre comes into view. It is wielding a +0 giant club.
The ogre shouts!
A goblin comes into view. It is wielding a +0 spear.
The goblin shouts! 2 goblins come into view.
The goblin shouts! x2
A goblin comes into view. It is wielding a +0 spear.
You see here 2 silver javelins.
C - 2 silver javelins The ogre hits you but does no damage.
The goblin splashes around in the water.
The ogre hits you with a +0 giant club!
Found a flagged portal.
Throw: 60 darts (poison)
Press: ? - help, Q - select action, (/) - cycle Shift-Dir - straight line, f - ogre
Aim: an ogre, wielding a +0 giant club (77% to hit)
You throw a poisoned dart. The poisoned dart hits the ogre.
Aiming: Mindburst
Press: ? - help, Shift-Dir - straight line, f/p - ogre
Aim: an ogre, wielding a +0 giant club (chance to affect: 65%)
The ogre struggles to resist.
You block the goblin's attack.
The ogre hits you with a +0 giant club!!
You die...
Your body rises from the dead as a mindless zombie.

#.# ##.## .# #.##
#...####.# ...
#.#.....>####
..##########)..###.....##
............####
#..##..## ..#########.#
#........ ..# #.#
#..≈≈≈≈≈≈ #.#
#.######..≈##### #.#
$.##..@Ogg≈# #.#
####.###g.g..∩. #<# #
#..≈#...# #.# #..≈#####
#.# ##.≈≈≈ .# .....
######


You could see an ogre and 4 goblins.

Vanquished Creatures
  Grinder (D:4)
  Edmund (D:4)
  A water moccasin (D:5)
  Duvessa (D:4)
  2 ice beasts
  3 ogres
  A necrophage (D:6)
  2 centaurs (D:4)
  A kobold brigand (D:6)
  A gnoll sergeant (D:5)
  A bullfrog (D:6)
  2 scorpions
  A wyvern zombie (D:5)
  Dowan (D:4)
  A wyvern skeleton (D:7)
  A bullfrog skeleton (D:5)
  4 hounds
  A bullfrog zombie (D:5)
  A centaur skeleton (D:6)
  5 iguanas
  A hound skeleton (D:4)
  5 gnolls
  6 adders
  A white imp (D:5)
  An ufetubus (D:6)
  3 worms
  3 dart slugs
  15 orcs
  5 ball pythons
  6 endoplasms
  A giant cockroach (D:1)
  12 goblins
  9 hobgoblins
  8 jackals
  A quokka (D:5)
  7 bats
  3 frilled lizards
  9 kobolds
  6 rats
134 creatures vanquished.

Vanquished Creatures (collateral kills)
  An ice beast (D:7)
  A necrophage (D:6)
  A kobold brigand (D:6)
  A hound (D:6)
  A howler monkey skeleton (D:6)
5 creatures vanquished.

Vanquished Creatures (others)
  A hound zombie (D:6)
  An orc zombie (D:6)
2 creatures vanquished.

Grand Total: 141 creatures vanquished

Notes
Turn   | Place    | Note
-------+----------+-------------------------------------------
     0 | D:1      | garrulousMonolith the Demonspawn Gladiator began the quest
                  | for the Orb.
     0 | D:1      | Reached XP level 1. HP: 16/16 MP: 1/1
   218 | D:1      | Found Qeamn's General Store.
   235 | D:1      | Gained mutation: You are surrounded by a mild repulsion
                  | field. (EV +2) [demonic ancestry]
   235 | D:1      | Reached XP level 2. HP: 22/22 MP: 2/2
   271 | D:1      | Reached skill level 3 in Long Blades
   937 | D:1      | Reached skill level 1 in Stealth
   937 | D:1      | Gained mutation: You regenerate magic rapidly. [demonic
                  | ancestry]
   937 | D:1      | Reached XP level 3. HP: 15/28 MP: 3/3
  1547 | D:2      | Gained mutation: You are surrounded by a moderate repulsion
                  | field. (EV +3) [demonic ancestry]
  1547 | D:2      | Reached XP level 4. HP: 14/34 MP: 4/4
  2493 | D:3      | Reached skill level 4 in Long Blades
  2493 | D:3      | Reached XP level 5. HP: 34/40 MP: 5/5
  3237 | D:4      | Noticed a centaur
  3251 | D:4      | Killed a centaur
  3252 | D:4      | Gained mutation: You have large cloven feet. [demonic
                  | ancestry]
  3252 | D:4      | Reached XP level 6. HP: 35/47 MP: 6/6
  3336 | D:4      | Found a broken altar of Ashenzari.
  3353 | D:4      | Noticed Edmund
  3373 | D:4      | Killed Edmund
  3623 | D:4      | Found a radiant altar of Vehumet.
  3624 | D:4      | Noticed Dowan
  3627 | D:4      | Noticed Duvessa
  3648 | D:4      | Killed Duvessa
  3649 | D:4      | Reached skill level 5 in Long Blades
  3649 | D:4      | Reached XP level 7. HP: 20/53 MP: 7/7
  3656 | D:4      | Killed Dowan
  4054 | D:4      | Found a staircase to the Ecumenical Temple.
  4060 | Temple   | Entered the Ecumenical Temple
  4435 | Temple   | Became a worshipper of Yredelemnul the Dark
  4476 | D:4      | Reached skill level 1 in Invocations
  4600 | D:4      | Noticed Grinder
  4635 | D:4      | Killed Grinder
  5156 | D:5      | Entered Level 5 of the Dungeon
  5246 | D:5      | Reached XP level 8. HP: 32/61 MP: 10/10
  5580 | D:5      | Reached skill level 6 in Long Blades
  5580 | D:5      | Reached skill level 1 in Shields
  5740 | D:5      | Found an ornate altar of the Wu Jian Council.
  5819 | D:5      | Found Rutwan's Weapon Shoppe.
  5992 | D:5      | Reached * piety under Yredelemnul
  7162 | D:6      | Reached skill level 5 in Invocations
  7170 | D:6      | Reached skill level 5 in Dodging
  7173 | D:6      | Reached skill level 5 in Fighting
  7905 | D:6      | Reached XP level 9. HP: 65/68 MP: 13/13
  8235 | D:6      | Reached skill level 7 in Long Blades
  8491 | D:7      | Noticed a komodo dragon
  8829 | D:7      | Reached skill level 1 in Polearms
  8843 | D:7      | Found a flagged portal.
  8847 | D:7      | Slain by an ogre

Illustrated notes

Levels and vault maps discovered:
D:1:      nzn_arrival_water_spiral, layout_basic, serial_shops,
          nicolae_shop_competitors_out_of_business, grunt_decor_one_mirror
D:2:      layout_basic
D:3:      kennysheep_the_goblin_king, layout_loops_corners,
          minmay_misc_feat_tiny, cheibrodos_gnoll_hut
D:4:      layout_basic, mainiacjoe_overflow_small_starburst,
          evilmike_ruin_ashenzari, zin_academy, minmay_temple_entry_wispy,
          corexii_checkpoint_a, uniq_grinder, uniq_duvessa, uniq_edmund
D:5:      layout_layer_cave, mainiacjoe_overflow_alcove_1,
          mainiacjoe_overflow_concentric_impassable, serial_shops,
          nicolae_shop_behind_doors
D:6:      layout_basic, columned_hall_lemuel, minmay_fractal_squares_diagonal_5
D:7:      layout_loops_ring, enter_bailey_3, uniq_pikel
Temple:   jpeg_temple_alley_garden

Skill      XL: |  1  2  3  4  5  6  7  8  9 |
---------------+----------------------------+-----
Throwing       | 2 |  2.0
Long Blades    | 3 4 5 6 7 |  7.0
Stealth        | 1 2 3 |  3.5
Dodging        | 3 4 5 |  5.3
Fighting       | 3 4 5 |  5.3
Invocations    | 2 5 6 |  6.4
Shields        | 2 |  2.6
Polearms       | 1 |  1.0

Action                   |  1- 3 |  4- 6 |  7- 9 || total
-------------------------+-------+-------+-------++-------
Melee: Long sword        |   122 |    49 |    81 ||   252
       Dagger            |       |   105 |   229 ||   334
       Trident           |       |       |    38 ||    38
Throw: Dart              |       |     6 |    15 ||    21
       Throwing net      |       |       |     2 ||     2
       Boomerang         |       |       |     2 ||     2
Invok: Animate Remains   |       |       |     9 ||     9
Evoke: Wand              |       |       |     5 ||     5
  Use: Potion            |       |     2 |     1 ||     3
       Scroll            |       |     1 |     5 ||     6
 Stab: Sleeping          |       |     1 |       ||     1
Armor: Chain mail        |    92 |     5 |       ||    97
       Leather armour    |     2 |       |       ||     2
       Scale mail        |       |    63 |   107 ||   170
       Ring mail         |       |     2 |       ||     2
Dodge: Dodged            |    62 |   124 |   216 ||   402
Block: Buckler           |       |       |    61 ||    61
       Rpst.: Long sword |    24 |     9 |    22 ||    55

Table legend: (Time is in decaauts)
 A = Elapsed time spent in this place.
 B = Non-inter-level travel time spent in this place.
 C = Inter-level travel time spent in this place.
 D = Time resting spent in this place.
 E = Time spent auto-exploring this place.
 F = Levels seen in this place.
 G = Mean time per level.
                   A        B        C        D        E       F      G
               +--------+--------+--------+--------+--------+-----+--------+
         Total |   8859 |   8518 |    341 |   1478 |   5532 |   8 | 1107.4 |
       Dungeon |   8454 |   8170 |    284 |   1378 |   5287 |   7 | 1207.7 |
        Temple |    404 |    347 |     57 |    100 |    245 |   1 |  404.0 |
               +--------+--------+--------+--------+--------+-----+--------+

Top non-repeatable levels by time:
     D:5: 1882 daAuts
     D:4: 1620 daAuts
     D:6: 1354 daAuts
     D:1: 1247 daAuts
     D:3: 1236 daAuts
     D:2: 766 daAuts
  Temple: 404 daAuts
     D:7: 346 daAuts
